Map: Frozen Temple

Players

Nighthawk - Winner!

  • Race: Protoss Protoss
  • League: Silver
  • Spawn Location: 5:00

Fropez

  • Race: Protoss Protoss
  • League: Silver
  • Spawn Location: 11:00

VOD

Have the link to the VOD?

Description

Time

  • Played on: June 9, 2016, 1:55 p.m.
  • Length: 14:14
Show
View Real Time Build Order
Export as new Build Order

Nighthawk Protoss - Winner!

Build Orders:  

Get SALT Encoding   

  12  0:04  Probe (Chrono Boost)  
  13  0:14  Probe (Chrono Boost)  
  14  0:24  Pylon  
  14  0:26  Probe (Chrono Boost)  
  15  0:42  Probe (Chrono Boost)  
  16  0:44  Gateway  
  16  0:50  Assimilator  
  16  0:53  Probe (Chrono Boost)  
  17  1:03  Probe (Chrono Boost)  
  18  1:14  Probe (Chrono Boost)  
  19  1:24  Probe (Chrono Boost)  
  20  1:33  Zealot (Chrono Boost)  
  22  1:57  Cybernetics Core  
  22  2:10  Pylon  
  22  2:14  Pylon  
  22  2:28  Zealot (Chrono Boost)  
  24  2:34  Warp Gate (Chrono Boost)  
  24  2:38  Nexus  
  24  2:53  Mothership Core  
  24  2:54  Zealot  
  28  3:10  Gateway  
  28  3:11  Gateway  
  28  3:12  Gateway  
  28  3:19  Probe  
  29  3:21  Zealot  
  31  3:31  Probe  
  32  3:39  Pylon  
  32  3:48  Probe x2, Stalker  
  36  3:58  Probe  
  36  4:00  Probe  
  36  4:02  Forge  
  38  4:09  Probe  
  38  4:13  Probe  
  40  4:19  Probe  
  41  4:25  Probe  
  42  4:32  Probe  
  42  4:37  Probe  
  44  4:39  Assimilator  
  44  4:42  Probe  
  45  4:46  Pylon, Gateway  
  45  4:47  Gateway  
  45  4:49  Probe, Protoss Ground Weapons Level 1 (Chrono Boost)  
  45  4:51  Stalker x2  
  50  5:09  Probe  
  50  5:12  Probe  
  52  5:16  Stalker x2  
  52  5:17  Stalker  
  58  5:24  Probe (Chrono Boost)  
  59  5:28  Zealot  
  59  5:35  Probe (Chrono Boost)  
  62  5:53  Probe (Chrono Boost)  
  62  5:54  Stalker x3  
  69  6:02  Pylon  
  69  6:06  Pylon  
  69  6:09  Pylon  
  69  6:16  Pylon  
  69  6:20  Pylon  
  69  6:23  Pylon  
  69  6:25  Protoss Ground Armor Level 1  
  69  6:40  Zealot x4  
  69  6:41  Zealot x2  
  70  7:34  Pylon  
  70  7:35  Pylon  
  70  7:40  Twilight Council  
  70  7:55  Pylon  
  70  7:57  Probe (Chrono Boost)  
  71  8:15  Stalker x5  
  71  8:16  Stalker  
  83  8:33  Robotics Facility  
  83  8:36  Pylon  
  78  8:59  Probe (Chrono Boost)  
  78  9:02  Stalker x6  
  89  9:09  Probe (Chrono Boost)  
  92  9:17  Assimilator  
  92  9:19  Assimilator  
  92  9:20  Probe (Chrono Boost)  
  92  9:21  Observer  
  94  9:30  Probe (Chrono Boost)  
  95  9:37  Blink (Chrono Boost)  
  95  9:41  Probe  
  96  9:52  Stalker x2  
  100  9:55  Zealot x4  
  108  10:03  Pylon  
  108  10:16  Zealot  
  108  10:17  Zealot x5  
  101  11:24  Charge (Chrono Boost)  
  91  11:42  Pylon  
  90  12:48  Nexus  
Show
View Real Time Build Order
Export as new Build Order

Fropez Protoss 

Build Orders:  

Get SALT Encoding   

  12  0:01  Probe (Chrono Boost)  
  13  0:15  Pylon  
  13  0:18  Probe (Chrono Boost)  
  14  0:29  Probe (Chrono Boost)  
  15  0:38  Gateway  
  15  0:40  Probe (Chrono Boost)  
  16  0:46  Assimilator  
  16  0:50  Probe (Chrono Boost)  
  17  1:01  Probe (Chrono Boost)  
  17  1:03  Pylon  
  19  1:11  Probe (Chrono Boost)  
  19  1:22  Probe (Chrono Boost)  
  19  1:23  Pylon  
  20  1:30  Assimilator  
  20  1:32  Probe (Chrono Boost)  
  21  1:38  Cybernetics Core  
  21  1:43  Probe (Chrono Boost)  
  22  1:53  Pylon, Probe (Chrono Boost)  
  23  2:04  Probe (Chrono Boost)  
  23  2:06  Gateway  
  24  2:14  Probe (Chrono Boost), Warp Gate (Chrono Boost)  
  25  2:26  Probe  
  26  2:38  Pylon, Probe  
  27  2:51  Mothership Core  
  29  2:53  Gateway  
  29  2:59  Pylon  
  29  3:12  Pylon, Probe  
  30  3:27  Twilight Council  
  30  3:30  Probe  
  31  3:38  Stalker  
  31  3:39  Stalker  
  31  3:40  Robotics Facility  
  35  3:49  Probe  
  35  3:54  Forge  
  36  4:01  Probe  
  37  4:11  Stalker  
  37  4:13  Probe  
  40  4:18  Pylon  
  40  4:21  Blink (Chrono Boost)  
  40  4:27  Observer  
  40  4:31  Probe  
  42  4:36  Stalker x2  
  46  4:42  Protoss Ground Weapons Level 1  
  46  4:43  Probe  
  47  5:02  Stalker x3  
  53  5:13  Probe  
  54  5:31  Observer  
  55  5:38  Probe  
  55  5:39  Nexus  
  54  5:43  Stalker x2  
  54  5:47  Stalker  
  60  6:12  Stalker x3  
  54  7:23  Stalker x3  
  54  7:25  Probe  
  54  7:26  Probe  
  62  7:36  Assimilator  
  62  7:38  Assimilator  
  62  7:43  Gateway  
  62  7:44  Gateway  
  62  7:48  Dark Shrine  
  62  7:53  Stalker x3  
  68  8:04  Probe x2  
  70  8:07  Warp Prism  
  72  8:14  Probe  
  72  8:19  Stalker x2  
  77  8:20  Stalker  
  79  8:44  Observer  
  74  8:57  Stalker  
  74  8:58  Stalker x2  
  78  9:03  Probe x2  
  78  9:04  Protoss Ground Weapons Level 2 (Chrono Boost)  
  78  9:09  Observer  
  81  9:21  Gateway  
  81  9:23  Gateway  
  81  9:25  Photon Cannon  
  81  9:32  Pylon  
  81  9:34  Probe  
  81  9:35  Probe  
  81  9:38  Pylon  
  83  9:49  Pylon  
  83  9:52  Pylon  
  83  9:58  Stalker x3  
  83  9:59  Stalker  
  67  11:18  Dark Templar x3  
  67  11:19  Dark Templar x2  
  71  11:41  Nexus  
  71  11:44  Assimilator  
  71  11:45  Gateway  
  71  11:46  Dark Templar x2  
  75  11:48  Pylon  
  75  11:50  Pylon  
  69  12:00  Assimilator  
  69  12:10  Gateway  
  69  12:18  Gateway  
  69  12:20  Gateway  
  69  12:23  Gateway  
  69  12:27  Pylon  
  67  12:31  Stalker  
  69  12:38  Photon Cannon  
  69  12:40  Pylon  
  69  12:43  Pylon  
  55  12:52  Dark Templar x3  
  56  13:16  Dark Templar  
  18  13:55  Probe  
Tags
 
Matchup
PvP
Replay Pack
All Mines
Spawn Locations
Cross Positions
Add a new tag
Caveats
  • Supply blocks, unpowered buildings, or Contaminate may cause inaccurate times.
  • Supply counts are checked every 10 seconds.